 Dungeon Crawl Stone Soup version 0.23-a0-565-g3e74e4c (webtiles) character file.

74 MalarOregon the Poker (level 4, -1/34 HPs)
             Began as a Merfolk Gladiator on Dec 13, 2018.
             Slain by an ogre
             ... wielding a +0 giant spiked club
              (20 damage)
             ... on level 2 of the Dungeon.
             The game lasted 00:02:14 (1487 turns).

MalarOregon the Poker (Merfolk Gladiator)           Turns: 1487, Time: 00:02:14

Health: -1/34      AC:  5    Str: 14    XL:     4   Next: 28%
Magic:  4/4        EV: 14    Int:  8    God:
Gold:   49         SH:  0    Dex: 15    Spells: 3/3 levels left

rFire    . . .     SeeInvis .   a - +0 trident
rCold    . . .     Gourm    .   (no shield)
rNeg     . . .     Faith    .   b - +0 leather armour
rPois    .         Spirit   .   c - +0 helmet
rElec    .         Reflect  .   (no cloak)
rCorr    .         Harm     .   (no gloves)
MR       .....                  q - +0 pair of boots
Stlth    +.........             (no amulet)
HPRegen  0.11/turn              (no ring)
MPRegen  0.09/turn              (no ring)

@: no status effects
A: change form in water, swift swim, stealthy swim
a: no special abilities


You were on level 2 of the Dungeon.
You were not hungry.

You visited 1 branch of the dungeon, and saw 2 of its levels.

You collected 49 gold pieces.

Inventory:

Hand Weapons
 a - a +0 trident (weapon)
Missiles
 d - 3 throwing nets {!f}
 f - 15 stones (quivered)
Armour
 b - a +0 leather armour (worn)
 c - a +0 helmet (worn)
 q - a +0 pair of boots (worn)
   (You found it on level 2 of the Dungeon)
Scrolls
 g - 2 scrolls of enchant armour {unknown}
 h - a scroll of blinking {unknown}
 i - 2 scrolls of remove curse {unknown}
 j - 2 scrolls of teleportation {unknown}
 k - 2 scrolls of identify {unknown}
 l - 3 scrolls of magic mapping {unknown}
 o - a scroll of enchant weapon {unknown}
 p - 2 scrolls of amnesia {unknown}
Potions
 m - a potion of degeneration {unknown}
 r - a potion of lignification {unknown}
Comestibles
 e - 2 rations {!d}
 n - 5 chunks of flesh


   Skills:
 + Level 2.9 Fighting
 + Level 5.1 Polearms
 + Level 2.6 Throwing
 + Level 1.0 Armour
 + Level 4.6 Dodging


You had 3 spell levels left.
You didn't know any spells.
Your spell library was empty.

Dungeon Overview and Level Annotations

Branches:
Dungeon (2/15)

Altars:


Message History

Aim: a leopard gecko (clinging)
You reach to attack!
You barely miss the leopard gecko.
You feel sick.
You puncture the leopard gecko!
You kill the leopard gecko!
No target in view!
No target in view!
Things that are here:
a +0 robe; a +0 dagger; a leopard gecko corpse You butcher the leopard gecko corpse.
n - 5 chunks of flesh (gained 1)
Things that are here:
a +0 robe; a +0 dagger; a leopard gecko skeleton You feel sick.
Things that are here:
a +0 robe; a +0 dagger; a leopard gecko skeleton You start resting.
You feel sick. x3
You are no longer poisoned.
You start resting.
A quokka comes into view.
You puncture the quokka!
You kill the quokka!
No target in view!
No target in view!
You start resting.
The ogre is too close now for your liking.
Throwing (i - inventory. (/) - cycle)
f - 19 stones (quivered)
Aim: an ogre, wielding a +0 giant spiked club (hasn't noticed you)
You throw a stone. The ogre shouts!
The stone hits the ogre.
Throwing (i - inventory. (/) - cycle)
f - 18 stones (quivered)
Aim: an ogre, wielding a +0 giant spiked club (lightly wounded)
You throw a stone. The stone hits the ogre.
Throwing (i - inventory. (/) - cycle)
f - 17 stones (quivered)
Aim: an ogre, wielding a +0 giant spiked club (moderately wounded)
You throw a stone. The stone hits the ogre.
Throwing (i - inventory. (/) - cycle)
f - 16 stones (quivered)
Aim: an ogre, wielding a +0 giant spiked club (moderately wounded)
You throw a stone. The stone hits the ogre.
You hit the ogre. The ogre hits you but does no damage.
You barely miss the ogre.
The ogre hits you with a +0 giant spiked club!
You closely miss the ogre. You hit the ogre. The ogre closely misses you.
A kobold comes into view. It is wielding a +0 whip.
You completely miss the ogre.
The ogre hits you with a +0 giant spiked club!!
Ouch! That really hurt!
You die...

... .. #.# .##....
#. #.# ..#.... #.
#.# .K.... #.## #.#
#.... #..# #.#
#.(..####.###'#####
#..(...[..........#
#...O..##.........#
#....@.###........#
##.....# #..#.#####
#.....# ##.#.#
#.....# #...#
#.....# ##..#####
#.....# #.......
#.....# .......
#.....#####.......
...........#


You could see an ogre and a kobold (wandering).

Vanquished Creatures
  Jessica (D:2)
  2 adders
  A worm (D:2)
  3 leopard geckos
  3 bats
  3 goblins
  3 jackals (D:1)
  2 quokkas (D:2)
  7 kobolds
  A rat (D:2)
26 creatures vanquished.

Notes
Turn   | Place    | Note
-------+----------+-------------------------------------------
     0 | D:1      | MalarOregon the Merfolk Gladiator began the quest for the
                  | Orb.
     0 | D:1      | Reached XP level 1. HP: 16/16 MP: 1/1
   429 | D:1      | Reached XP level 2. HP: 23/23 MP: 2/2
   725 | D:2      | Noticed an ogre
   966 | D:1      | Reached XP level 3. HP: 12/28 MP: 3/3
  1402 | D:2      | Noticed Jessica
  1406 | D:2      | Killed Jessica
  1406 | D:2      | Reached skill level 5 in Polearms
  1406 | D:2      | Reached skill level 1 in Armour
  1406 | D:2      | Reached XP level 4. HP: 33/34 MP: 4/4
  1487 | D:2      | Slain by an ogre

Vault maps used:
D:1:      elethiomel_arrival_shortcut
D:2:      uniq_jessica, uniq_sigmund

Skill      XL: |  1  2  3 |
---------------+----------+-----
Polearms       | 5 |  5.1
Armour         | 1 |  1.0
Fighting       | |  2.9
Throwing       | |  2.6
Dodging        | |  4.6

Action                   |  1- 3 |  4- 6 || total
-------------------------+-------+-------++-------
Melee: Trident           |    75 |    17 ||    92
Throw: Stone             |     4 |     4 ||     8
  Eat: Chunk             |     2 |       ||     2
Armor: Leather armour    |    26 |     3 ||    29
Dodge: Dodged            |    51 |     7 ||    58

Table legend:
 A = Non-vault XP
 B = Vault XP
 C = Vault XP percentage of total XP
 D = Non-vault monster count
 E = Vault monster count
 F = Vault count percentage of total count
                 A         B        C        D         E       F
            +---------+---------+-------+---------+---------+-------
      Total |      69 |      37 |  34.9 |      25 |       1 |   3.8
            +---------+---------+-------+---------+---------+-------
        D:1 |      36 |       0 |   0.0 |      14 |       0 |   0.0
        D:2 |      33 |      37 |  52.9 |      11 |       1 |   8.3
            +---------+---------+-------+---------+---------+-------
